 Dungeon Crawl Stone Soup version 0.31-a0-1616-gbeaec30b81 (console) character file.

Game seed: 2632620503250432230

13619 petzl the Thaumaturge (level 12, -4/89 HPs)
             Began as a Formicid Delver on Jan 10, 2024.
             Was an Elder of Vehumet.
             Slain by a red ugly thing (18 damage)
             ... on level 11 of the Dungeon on Jan 12, 2024.
             The game lasted 01:23:19 (19700 turns).

petzl the Thaumaturge (Formicid Delver)            Turns: 19700, Time: 01:23:19

Health: -4/89      AC: 11    Str: 16    XL:     12   Next: 35%
Magic:  7/25       EV: 13    Int: 16    God:    Vehumet [****..]
Gold:   723        SH:  0    Dex: 15    Spells: 14/30 levels left

rFire   . . .        b - +0 orcbow
rCold   . . .        (no shield)
rNeg    . . .        m - +0 leather armour
rPois   .            (helmet unavailable)
rElec   .            Q - +0 cloak
rCorr   .            i - +0 pair of gloves
SInv    +            P - +0 pair of boots
Will    ++...        (no amulet)
Stlth   +++          H - ring of willpower
HPRegen 0.34/turn    n - +4 ring of protection
MPRegen 0.19/turn

%: no passive effects
@: very slightly contaminated, studying Invocations
A: permanent stasis, dig shafts and tunnels, antennae 3, four strong arms
a: Dig, Shaft Self, Renounce Religion


You were on level 11 of the Dungeon.
You worshipped Vehumet.
Vehumet was greatly pleased with you.
You visited 2 branches of the dungeon, and saw 16 of its levels.
You also visited: Ossuary.

You collected 843 gold pieces.
You spent 120 gold pieces at shops.

Inventory:

Hand Weapons
 a - a +1 short sword of electrocution
 b - a +0 orcbow (weapon)
 c - a +3 mace of freezing
 e - a +2 vampiric whip
 z - a +0 shortbow
 K - a +2 dagger of venom {!f =f}
 L - a +2 short sword of flaming
 M - a +2 falchion of flaming
Missiles
 h - 7 boomerangs
 y - a throwing net
 A - 2 curare-tipped darts
 C - 67 poisoned darts
Armour
 i - a +0 pair of gloves (worn)
 m - a +0 leather armour (worn)
 P - a +0 pair of boots (worn)
 Q - a +0 cloak (worn)
Jewellery
 n - a +4 ring of protection (right hand)
 o - a ring of magical power
 D - a ring of protection from fire
 H - a ring of willpower (left hand)
 N - a ring of flight
Wands
 f - a wand of digging (3)
 k - a wand of charming (14)
 F - a wand of iceblast (9)
 I - a wand of mindburst (11)
 S - a wand of quicksilver (3)
 T - a wand of flame (5)
Scrolls
 d - 2 scrolls of identify
 l - a scroll of revelation
 q - 2 scrolls of poison
 r - a scroll of torment
 s - 2 scrolls of amnesia
 u - a scroll of enchant armour
 v - 2 scrolls of enchant weapon
 w - 3 scrolls of fear
 E - 2 scrolls of vulnerability
 O - 2 scrolls of immolation
Potions
 g - a potion of haste {unknown}
 j - 3 potions of resistance
 p - a potion of might
 t - 2 potions of enlightenment
 x - a potion of ambrosia
 B - a potion of brilliance
 J - 2 potions of lignification
Miscellaneous
 R - a phantom mirror


   Skills:
 + Level 6.6 Fighting
 - Level 2.0 Maces & Flails
 - Level 6.0 Ranged Weapons
 + Level 4.7 Armour
 + Level 5.0 Dodging
 - Level 6.0 Stealth
 + Level 9.8 Spellcasting
 * Level 5.5 Conjurations
 + Level 1.9 Translocations
 + Level 7.7 Fire Magic
 * Level 4.1 Earth Magic
 - Level 8.0 Alchemy
 - Level 2.0 Evocations


You had 14 spell levels left.
You knew the following spells:

 Your Spells              Type           Power      Damage    Failure   Level
a - Stone Arrow           Conj/Erth      46%        3d9       1%          3
b - Iskenderun's Mystic   Conj/Tloc      19%        2d6       7%          4
c - Hailstorm             Conj/Ice       16%        3d6       3%          3
s - Sticky Flame          Fire/Alch      33%        2d7       1%          4
u - Sublimation of Blood  Necr           7%         N/A       17%         2

Your spell library contained the following spells:

 Spells                   Type           Power      Damage    Failure   Level
 Arcjolt                  Conj/Air       8%         1d18      24%         5
 Sandblast                Erth           42%        2d11      1%          1
 Shock                    Conj/Air       64%        1d7       1%          1
 Inner Flame              Hex/Fire       20%        N/A       1%          3
 Flame Wave               Conj/Fire      29%        2d9       2%          4
 Freeze                   Ice            28%        1d5       3%          1
 Brom's Barrelling Bould  Conj/Erth      23%        2d4       4%          4
 Passwall                 Erth           21%        N/A       6%          3
 Lesser Beckoning         Tloc           28%        N/A       8%          2
 Frozen Ramparts          Ice            14%        1d3       9%          3
 Leda's Liquefaction      Alch/Erth      13%        N/A       9%          4
 Petrify                  Alch/Erth      27%        N/A       9%          4
 Slow                     Hex            28%        N/A       11%         1
 Summon Small Mammal      Summ           28%        N/A       11%         1
 Gell's Gravitas          Tloc           14%        N/A       16%         3
 Teleport Other           Tloc           14%        N/A       16%         3
 Call Imp                 Summ           14%        N/A       17%         2
 Summon Blazeheart Golem  Fire/Summ      20%        N/A       22%         4
 Airstrike                Air            3%         2d(1-17)  28%         4
 Call Canine Familiar     Summ           7%         N/A       32%         3
 Confusing Touch          Hex            7%         N/A       32%         3
 Sigil of Binding         Hex            7%         N/A       32%         3
 Vampiric Draining        Necr           7%         2d6       32%         3
 Animate Dead             Necr           7%         N/A       73%         4
 Metabolic Englaciation   Hex/Ice        3%         N/A       97%         5
 Haunt                    Necr/Summ      3%         N/A       100%        7
 Summon Hydra             Summ           3%         N/A       100%        7
 Infestation              Necr           3%         N/A       100%        8
 Swiftness                Air            Unusable   N/A       N/A         3

Dungeon Overview and Level Annotations

Branches:
Dungeon (15/15)            Temple (1/1) D:4            Lair (0/5) D:10
Ossuary (visited)
    Orc: D:9-12      Vaults: D:13-14     Depths: D:15

Altars:
Ashenzari
Cheibriados
Dithmenos
Elyvilon
Fedhas
Gozag
Hepliaklqana
Kikubaaqudgha
Makhleb
Nemelex Xobeh
Okawaru
Qazlal
Ru
Sif Muna
Trog
Uskayaw
Vehumet
Wu Jian
Xom
Yredelemnul
Zin
The Shining One

Shops:
D:1 (   D:2 ?[   D:9 [   D:15 *

Annotations:
D:5 3 runed translucent doors, Monkooky's ghost, novice TeDe
D:9 exclusion: 2 upstairs


Innate Abilities, Weirdness & Mutations

You cannot be hasted, slowed, berserked, paralysed or teleported.
You can dig through walls and to a lower floor.
You have a pair of large antennae on your head. (SInv)
Your four strong arms can wield two-handed weapons with a shield.


Message History

The mystic blast hits the red ugly thing!
The red ugly thing is heavily wounded.
The red ugly thing is knocked back by the mystic blast.
You shoot an arrow. The arrow hits the red ugly thing!
The red ugly thing is severely wounded.
You shoot an arrow.
The arrow barely misses the red ugly thing.
The red ugly thing kicks you.
You are engulfed in flames!!
Casting: Iskenderun's Mystic Blast (dangerous; 7% risk of failure)
Confirm with . or Enter, or press ? or * to list all spells.
You erupt in a blast of force!
The mystic blast hits the red ugly thing.
The red ugly thing is severely wounded.
The red ugly thing is knocked back by the mystic blast.
Casting: Iskenderun's Mystic Blast (dangerous; 7% risk of failure)
Confirm with . or Enter, or press ? or * to list all spells.
You miscast Iskenderun's Mystic Blast.
You are very lightly contaminated with residual magic.
Space bends around you.
You are magically locked in place.
The red ugly thing kicks you.
You are engulfed in flames!
Casting: Iskenderun's Mystic Blast (dangerous; 7% risk of failure)
Confirm with . or Enter, or press ? or * to list all spells.
You erupt in a blast of force!
The mystic blast hits the red ugly thing but does no damage.
The red ugly thing is severely wounded.
You are no longer firmly anchored in space.
You are no longer robbed of momentum.
The red ugly thing kicks you.
You are engulfed in flames!
The red ugly thing kicks you!
* * * LOW HITPOINT WARNING * * *
You are engulfed in flames!
* * * LOW HITPOINT WARNING * * *
Unknown command.
Unknown command.
Okay, then.
Unknown command.
You feel better. The red ugly thing kicks you.
* * * LOW HITPOINT WARNING * * *
You are engulfed in flames!!
You die...

######.#.#.#.#. #.........
#.#.#.#.#. #.........
..#.#.#.#. ## #.# #. # ##+##
#.# ##. .# ##...## #.###.##.#
##.....## ##
#.#.....###.......## ##.
#....####......†..####..
#...@u..........^.†.....
######....#............###...
#........##..####.....## #...
#.>###.#.##..#)(.#...## ##..
#..# #.#.##..#$..#..## ##.
#..# #.#.##..#)).#..# #. #..#
..#.##..#####..#### #. #..#
..#.##.........W..# #.
#......#............##.#
##.##.##.#######....# .# #..
. #.....#.# #........
..{....#.# ###.#####.# #. .#


You could see a red ugly thing.

Vanquished Creatures
  An arcanist (D:13)
  Pikel (D:4)
  A deep elf pyromancer (D:13)
  A gargoyle (D:10)
  A kobold demonologist (D:7)
  An unseen horror (D:9)
  2 unseen horror zombies (D:8)
  A freezing wraith (D:14)
  2 trolls (D:11)
  Grinder (D:5)
  A hornet (D:10)
  6 slime creatures (D:15)
  5 wyverns
  2 wraiths
  A steam dragon (D:9)
  8 yaks (D:9)
  4 vampire mosquitoes
  An acid dragon (D:10)
  6 water moccasins
  3 orc warriors
  2 ice beasts
  4 black bears
  2 sky beasts (D:8)
  2 hornet zombies (D:8)
  An ogre (D:5)
  2 centaurs
  A phantom (D:4)
  3 lemures (D:4)
  8 kobold brigands
  8 bullfrogs
  A wyvern zombie (D:8)
  4 scorpions
  18 wights
  3 killer bees (D:10)
  3 howler monkeys
  A bombardier beetle (D:5)
  3 jellies
  2 centaur zombies (D:8)
  3 orc priests
  7 mummies (Ossuary)
  2 hounds
  3 iguanas
  9 orc wizards
  3 killer bee zombies
  A crocodile zombie (Ossuary)
  A hound zombie (Ossuary)
  4 howler monkey zombies (Ossuary)
  3 gnolls
  11 adders
  4 shadow imps
  A white imp (D:8)
  2 ufetubi (D:6)
  2 ribbon worms
  5 dart slugs (D:1)
  22 orcs
  6 ball pythons
  4 endoplasms
  5 giant cockroaches
  7 goblins
  8 hobgoblins
  2 jackals (D:2)
  47 kobolds
  5 quokkas
  3 ball python zombies (Ossuary)
  6 bats
  2 frilled lizards
  9 kobold skeletons (D:8)
  8 kobold zombies (D:8)
  4 rats
316 creatures vanquished.

Vanquished Creatures (collateral kills)
  A killer bee zombie (Ossuary)
  A crocodile zombie (Ossuary)
  A ball python zombie (Ossuary)
3 creatures vanquished.

Vanquished Creatures (others)
  An orc wizard (D:7)
1 creature vanquished.

Grand Total: 320 creatures vanquished

Notes
Turn   | Place    | Note
-------+----------+-------------------------------------------
     0 | D:5      | petzl the Formicid Delver began the quest for the Orb.
     0 | D:5      | Reached XP level 1. HP: 18/18 MP: 1/1
   182 | D:3      | Found a faded altar of an unknown god.
   315 | D:1      | Reached skill level 1 in Spellcasting
   396 | D:1      | Found Tianam's Antique Weapon Shoppe.
   399 | D:1      | Bought a sling for 40 gold pieces
   424 | D:1      | Reached XP level 2. HP: 24/24 MP: 2/4
   527 | D:1      | Reached skill level 2 in Spellcasting
   650 | D:1      | Reached XP level 3. HP: 29/29 MP: 6/6
  1192 | D:2      | Found Bufroil's Armour Emporium.
  1243 | D:2      | Reached skill level 3 in Spellcasting
  1425 | D:2      | Found Bun Namo's Magic Scroll Shoppe.
  1433 | D:2      | Bought a scroll of identify for 22 gold pieces
  1579 | D:2      | Reached XP level 4. HP: 35/35 MP: 8/8
  1631 | D:2      | Reached skill level 1 in Ranged Weapons
  3056 | D:4      | Reached XP level 5. HP: 33/41 MP: 10/10
  3302 | D:4      | Noticed Pikel
  3408 | D:4      | Found a staircase to the Ecumenical Temple.
  3415 | Temple   | Entered the Ecumenical Temple
  3549 | D:5      | Noticed a phantom
  3565 | D:4      | Killed a phantom
  3566 | D:4      | Reached skill level 4 in Spellcasting
  3608 | D:4      | Noticed a lemure
  3608 | D:4      | Noticed a lemure
  3697 | D:4      | Reached XP level 6. HP: 34/47 MP: 12/12
  3949 | D:5      | Found a runed translucent gate.
  3954 | D:5      | Found a runed translucent gate.
  4108 | D:5      | Found a runed translucent gate.
  4127 | D:5      | Noticed Monkooky's ghost (novice TeDe)
  4589 | D:4      | You fall into a shaft and drop 3 floors!
  4590 | D:7      | Noticed an orc warrior
  4747 | D:7      | Found a sand-covered staircase.
  4754 | Ossuary  | Entered an ossuary
  4776 | Ossuary  | Reached skill level 5 in Spellcasting
  4793 | Ossuary  | Reached XP level 7. HP: 27/52 MP: 14/14
  5086 | Ossuary  | Reached skill level 6 in Spellcasting
  5711 | D:6      | You fall into a shaft and drop 3 floors!
  6041 | D:8      | You fall into a shaft and drop 1 floor!
  6288 | D:9      | Reached skill level 7 in Spellcasting
  6288 | D:9      | Reached XP level 8. HP: 22/58 MP: 18/18
  6443 | D:10     | Entered Level 10 of the Dungeon
  6541 | D:9      | Noticed a yak
  6596 | D:9      | Noticed a wyvern
  6930 | D:7      | Found a shadowy altar of Dithmenos.
  7188 | D:5      | Reached skill level 8 in Spellcasting
  7376 | D:5      | Noticed Grinder
  7451 | D:6      | HP: 3/87 [water moccasin (4)]
  7668 | D:5      | You fall into a shaft and drop 1 floor!
  7668 | D:6      | Found an opulent altar of Gozag.
  7668 | D:6      | Found a basalt altar of Yredelemnul.
  7929 | D:6      | Reached skill level 9 in Spellcasting
  7934 | D:6      | Learned a level 4 spell: Sticky Flame
  7938 | D:6      | Learned a level 3 spell: Hailstorm
  8360 | D:6      | Reached skill level 1 in Alchemy
  8391 | D:5      | Reached skill level 1 in Fire Magic
  8595 | D:4      | Reached XP level 9. HP: 47/64 MP: 22/22
  8978 | D:4      | Killed Pikel
  8979 | D:4      | Reached skill level 5 in Alchemy
  9734 | D:5      | Killed Grinder
  9779 | D:5      | Found a shimmering blue altar of Sif Muna.
  9781 | D:5      | Found a bloodstained altar of Trog.
  9928 | D:5      | Reached skill level 1 in Armour
  9928 | D:5      | Reached skill level 1 in Evocations
 10548 | D:6      | Reached skill level 1 in Conjurations
 10572 | D:6      | Found a radiant altar of Vehumet.
 10573 | D:6      | Found a hazy altar of Hepliaklqana.
 10574 | D:6      | Found a blossoming altar of Fedhas.
 10580 | D:6      | Found a sacrificial altar of Ru.
 10580 | D:6      | Found a white marble altar of Elyvilon.
 10582 | D:6      | Found a shimmering altar of Xom.
 10586 | D:6      | Became a worshipper of Vehumet
 10958 | D:6      | Reached XP level 10. HP: 60/71 MP: 23/23
 11337 | D:7      | Reached skill level 5 in Fire Magic
 12425 | D:7      | Reached * piety under Vehumet
 12425 | D:7      | Offered knowledge of Shock by Vehumet.
 13294 | D:8      | Reached skill level 5 in Fighting
 13932 | D:8      | Offered knowledge of Momentum Strike by Vehumet.
 14014 | D:8      | Reached ** piety under Vehumet
 14195 | D:8      | Noticed a kobold demonologist
 14248 | D:7      | Killed a kobold demonologist
 14249 | D:7      | Reached XP level 11. HP: 76/80 MP: 12/24
 14563 | D:8      | Offered knowledge of Mercury Vapours by Vehumet.
 14840 | D:8      | Reached *** piety under Vehumet
 14866 | D:8      | Found an ancient bone altar of Kikubaaqudgha.
 15357 | D:9      | Noticed a cyclops
 15489 | D:9      | Found Meahous's Antique Armour Emporium.
 15607 | D:9      | You fall into a shaft and drop 2 floors!
 15804 | D:10     | Reached skill level 5 in Ranged Weapons
 15816 | D:9      | Learned a level 3 spell: Stone Arrow
 16191 | D:2      | Bought a +0 pair of boots for 58 gold pieces
 16595 | D:9      | Offered knowledge of Iskenderun's Mystic Blast by Vehumet.
 16601 | D:9      | Learned a level 4 spell: Iskenderun's Mystic Blast
 16656 | D:9      | Reached skill level 1 in Earth Magic
 17340 | D:10     | Found a staircase to the Lair.
 17501 | D:10     | Reached skill level 1 in Translocations
 17545 | D:10     | Found a glowing silver altar of Zin.
 18191 | D:11     | Reached XP level 12. HP: 65/89 MP: 17/25
 18288 | D:11     | Reached skill level 5 in Conjurations
 18357 | D:11     | Reached **** piety under Vehumet
 18362 | D:11     | You fall into a shaft and drop 2 floors!
 18481 | D:13     | Noticed a skeletal warrior
 18481 | D:13     | Noticed a skeletal warrior
 18481 | D:13     | Noticed a skeletal warrior
 18482 | D:13     | Noticed a skeletal warrior
 18490 | D:13     | Noticed an arcanist
 18496 | D:13     | You fall into a shaft and drop 2 floors!
 18496 | D:15     | Entered Level 15 of the Dungeon
 18496 | D:15     | Found Vatu's Demolitions Depot.
 18736 | D:15     | Offered knowledge of Arcjolt by Vehumet.
 19044 | D:15     | Noticed a catoblepas
 19432 | D:13     | Killed an arcanist
 19433 | D:13     | Reached skill level 5 in Dodging
 19514 | D:13     | Learned a level 2 spell: Sublimation of Blood
 19700 | D:11     | Slain by a red ugly thing

Illustrated notes

Levels and vault maps discovered:
D:1:      minmay_arrival_semitransparent, layout_basic, serial_shops, shop,
          minmay_misc_feat_more_columns, chequers_serial_rivers_marsh,
          minmay_worlds_worst_comb
D:2:      layout_loops_corners, serial_shops, shop, shop, feat_on_display
D:3:      layout_basic, basic_ecumenical_altar, kennysheep_donut
D:4:      layout_cave_pods, temple_green, minmay_starry_boxes, uniq_pikel
D:5:      layout_basic, hellmonk_overflow_destroyed_library,
          gammafunk_ghost_necromancy, hangedman_decor_opposing,
          nicolae_half_adder, uniq_grinder
D:6:      layout_basic, grunt_temple_overflow_open, minmay_gold_behind_fungi,
          minmay_misc_feat_plants, minmay_misc_feat_pillars, nicolae_sextant
D:7:      layout_basic, mainiacjoe_overflow_24_doors, enter_ossuary_1,
          chequers_serial_rivers_large_a
D:8:      wander_kiku_kobolds, layout_cave_pools, serial_undead,
          serial_undead_e, serial_undead_d, serial_undead_b, serial_undead_c,
          serial_undead_d, serial_undead_b, grunt_ministairs_3
D:9:      layout_gridville, serial_shops, shop
D:10:     layout_rooms, zin_academy, due_lair_maze_entry_diamond,
          serial_corexii_hall, corexii_hall_statues_x,
          chequers_hall_statues_corner_a, chequers_hall_statues_wall_a,
          chequers_hall_statues_wall_a
D:11:     layout_loops_corners, serial_glass, glass_columns_a, glass_columns_c,
          due_unseen_surprise, item_on_display_a,
          lemuel_zombie_altar_kikubaaqudgha
D:12:     layout_loops_cross, uniq_nergalle, uniq_urug, uniq_nessos
D:13:     layout_loops_corners, gauntlet_entry_generic,
          amcnicky_altar_lugonu_corruption
D:14:     layout_loops_corners, david_vaults_3, lemuel_blue_sif_altar,
          kennysheep_another_room, uniq_azrael, uniq_agnes
D:15:     grunt_enter_depths_giant_problem, layout_small_grid,
          nicolae_hexahallways, hangedman_decor_points, nicolae_blasting_shop,
          st_stairs_1, elyvilon_altar_3
Temple:   eino_wide_crystal_templ

Skill      XL: |  1  2  3  4  5  6  7  8  9 10 11 12 |
---------------+-------------------------------------+-----
Spellcasting   | 1 2 3 4 5 7 9 |  9.8
Ranged Weapons | 1 2 3 4 5 6 |  6.0
Alchemy        | 1 6 7 8 |  8.0
Fire Magic     | 1 4 6 7 |  7.7
Dodging        | 2 3 4 5 |  5.0
Armour         | 1 3 4 |  4.7
Evocations     | 1 2 |  2.0
Conjurations   | 1 3 4 5 |  5.5
Fighting       | 5 6 |  6.6
Earth Magic    | 2 4 |  4.1
Translocations | 1 |  1.9
Maces & Flails | |  2.0
Stealth        | |  6.0

Action                     |  1- 3 |  4- 6 |  7- 9 | 10-12 || total
---------------------------+-------+-------+-------+-------++-------
  Melee: Mace              |     7 |       |       |       ||     7
         Whip              |   103 |   194 |   242 |       ||   539
         Punch             |     2 |     1 |     8 |     1 ||    12
         Hand axe          |       |       |   123 |       ||   123
         Short sword       |       |       |       |    21 ||    21
   Fire: Sling             |       |    28 |    83 |       ||   111
         Shortbow          |       |       |    87 |   345 ||   432
         Orcbow            |       |       |       |   175 ||   175
  Throw: Dart              |       |       |     4 |       ||     4
   Cast: Sticky Flame      |       |       |    14 |   136 ||   150
         Hailstorm         |       |       |    13 |     4 ||    17
         Iskenderun's Myst |       |       |       |    13 ||    13
         Stone Arrow       |       |       |       |     1 ||     1
Ability: Shaft Self        |       |     1 |     3 |     3 ||     7
         Dig               |       |       |     4 |     3 ||     7
  Evoke: Wand              |       |     5 |     6 |     5 ||    16
    Use: Scroll            |     2 |     2 |    12 |     8 ||    24
         Potion            |       |       |    13 |     2 ||    15
   Stab: Sleeping          |    12 |    12 |     1 |     1 ||    26
 Armour: Leather armour    |    53 |   104 |   333 |   386 ||   876
         Skin              |       |       |    17 |       ||    17
  Dodge: Dodged            |    49 |   118 |   282 |   321 ||   770

Table legend: (Time is in decaauts)
 A = Elapsed time spent in this place.
 B = Non-inter-level travel time spent in this place.
 C = Inter-level travel time spent in this place.
 D = Time resting spent in this place.
 E = Time spent auto-exploring this place.
 F = Levels seen in this place.
 G = Mean time per level.
                   A        B        C        D        E       F      G
               +--------+--------+--------+--------+--------+-----+--------+
         Total |  19939 |  19105 |    834 |   7425 |   6283 |  17 | 1172.9 |
       Dungeon |  19163 |  18329 |    834 |   7033 |   6283 |  15 | 1277.5 |
        Temple |      1 |      1 |      0 |      0 |      0 |   1 |    1.0 |
       Ossuary |    774 |    774 |      0 |    392 |      0 |   1 |  774.0 |
               +--------+--------+--------+--------+--------+-----+--------+

Top non-repeatable levels by time:
     D:7: 2813 daAuts
     D:8: 2290 daAuts
     D:9: 2077 daAuts
     D:4: 2056 daAuts
     D:5: 2023 daAuts
     D:6: 1837 daAuts
    D:10: 1226 daAuts
     D:3: 1130 daAuts
     D:2: 1010 daAuts
     D:1: 916 daAuts
 Ossuary: 774 daAuts
    D:15: 674 daAuts
    D:11: 464 daAuts
    D:13: 375 daAuts
    D:14: 213 daAuts
